 Dungeon Crawl Stone Soup version 0.25-a0-287-g56a5b49892 (webtiles) character file.

Game seed: 13262060850375375246, levelgen mode: deterministic

183 RedPan the Insei (level 5, -3/45 HPs)
             Began as a Draconian Transmuter on Dec 12, 2019.
             Killed by divine providence
             ... invoked by an orc priest
              (15 damage)
             ... on level 3 of the Dungeon.
             The game lasted 00:06:44 (2207 turns).

RedPan the Insei (Draconian Transmuter)             Turns: 2207, Time: 00:06:45

Health: -3/45      AC:  2    Str: 12    XL:     5   Next: 35%
Magic:  5/8        EV: 19    Int: 14    God:
Gold:   122        SH:  0    Dex: 17    Spells: 2/8 levels left

rFire    . . .     SeeInvis .     - Unarmed
rCold    . . .     Gourm    .   (shield currently unavailable)
rNeg     . . .     Faith    .   (armour unavailable)
rPois    x         Spirit   .   (helmet currently unavailable)
rElec    .         Reflect  .   (cloak currently unavailable)
rCorr    .         Harm     .   (gloves currently unavailable)
MR       .....                  (boots currently unavailable)
Stlth    ++........             (no amulet)
HPRegen  0.15/turn              (no ring)
MPRegen  0.11/turn              (no ring)

@: spider-form (expiring)
A: tiny, unfitting armour, AC +5
a: End Transformation


You were on level 3 of the Dungeon.
You were not hungry.
You were a venomous arachnid creature.
You visited 1 branch of the dungeon, and saw 3 of its levels.

You collected 122 gold pieces.

Inventory:

Missiles
 a - 27 arrows
Armour
 k - a +0 cloak (melded)
Wands
 l - a wand of iceblast (6)
Scrolls
 f - a scroll of identify {unknown}
 g - a scroll of fog
 m - a scroll of amnesia
Potions
 b - 2 potions of heal wounds {unknown}
 d - a potion of degeneration {unknown}
 e - a potion of haste {unknown}
 h - a potion of mutation {unknown}
 i - a potion of magic {unknown}
Comestibles
 c - 8 rations
 j - a chunk of flesh


   Skills:
 - Level 3.0 Fighting
 - Level 1.7 Dodging
 + Level 4.5 Unarmed Combat
 - Level 2.0 Spellcasting
 + Level 2.9 Transmutations
 + Level 1.8 Poison Magic


You had 2 spell levels left.
You knew the following spells:

 Your Spells              Type           Power        Failure   Level  Hunger
a - Beastly Appendage     Tmut           #.....       21%         1    ##.....
b - Sticks to Snakes      Tmut           #.......     26%         2    ###....
c - Spider Form           Tmut/Pois      #.........   47%         3    ####...

Your spell library contained the following spells:

 Spells                   Type           Power        Failure   Level  Hunger
 Ice Form                 Ice/Tmut       #.......     91%         4    #####..
 Blade Hands              Tmut           #.........   97%         5    ######.


Dungeon Overview and Level Annotations

Branches:
Dungeon (3/15)

Altars:
Fedhas
Uskayaw
Yredelemnul


Innate Abilities, Weirdness & Mutations

((Your plain brown scales are hard. (AC +5)))
You cannot fit into any form of body armour.
((You are cold-blooded and may be slowed by cold attacks.))


Message History

No target in view!
You see here 22 stones.
Found an escape hatch in the floor.
An orc priest comes into view. It is wielding a +0 short sword.
The orc priest shouts!
You hear a shout!
The orc priest looks encouraged for a moment.
The orc priest calls down the wrath of Beogh upon you.
Beogh smites you!
Casting: Beastly Appendage (safe; 8% risk of failure)
Confirm with . or Enter, or press ? or * to list all spells.
You turn into a venomous arachnid creature.
Your +0 cloak melds into your body.
The orc priest mumbles some strange prayers to Beogh against you.
Beogh smites you!
* * * LOW HITPOINT WARNING * * *
An orc comes into view. It is wielding a +0 flail.
Your transformation is almost over.
The orc priest invokes the aid of Beogh against you.
Beogh smites you!
You die...

#######
##.#...######
#............
##.#....#.###.
####.##.#.....$.
#.(.......o.o...
#.##.##s#..####.
#.##.##....#
#.##.####.>#
#.##.# ..#
#.##.# ..#
#.##.# ..#
##.##.####..#
#........>
#..#######..#


You could see an orc priest and an orc.

Vanquished Creatures
  A sky beast (D:3)
  A bullfrog skeleton (D:2)
  Robin (D:3)
  2 adders
  2 leopard geckos
  A ball python (D:3)
  2 bats
  6 giant cockroaches
  7 goblins
  5 hobgoblins
  A quokka (D:2)
  4 frilled lizards (D:1)
  5 kobolds
  2 rats (D:1)
40 creatures vanquished.

Vanquished Creatures (collateral kills)
  A hobgoblin (D:2)
  A kobold (D:2)
2 creatures vanquished.

Grand Total: 42 creatures vanquished

Notes
Turn   | Place    | Note
-------+----------+-------------------------------------------
     0 | D:1      | RedPan the Draconian Transmuter began the quest for the
                  | Orb.
     0 | D:1      | Reached XP level 1. HP: 16/16 MP: 3/3
   380 | D:1      | Reached XP level 2. HP: 23/24 MP: 3/5
   384 | D:1      | Learned a level 2 spell: Sticks to Snakes
  1169 | D:2      | Found a faded altar of an unknown god.
  1192 | D:2      | Reached XP level 3. HP: 30/30 MP: 4/6
  1271 | D:2      | Found a basalt altar of Yredelemnul.
  1648 | D:3      | Found a hide-covered altar of Uskayaw.
  1653 | D:3      | Learned a level 3 spell: Spider Form
  1655 | D:3      | Noticed a +0 hand axe
  1656 | D:3      | Noticed a -3 dagger
  1696 | D:3      | Found a blossoming altar of Fedhas.
  1714 | D:3      | Reached skill level 4 in Unarmed Combat
  1723 | D:3      | Noticed Robin
  1733 | D:3      | Killed Robin
  1733 | D:3      | Reached XP level 4. HP: 26/38 MP: 2/7
  1952 | D:3      | Noticed a sky beast
  1965 | D:3      | Killed a sky beast
  1965 | D:3      | Reached skill level 1 in Poison Magic
  1965 | D:3      | Reached XP level 5. HP: 36/45 MP: 4/8
  2207 | D:3      | Killed from afar by an orc priest

Levels and vault maps discovered:
D:1:      lightli_arrival_farm, layout_basic, chequers_serial_rivers_micro_b,
          serial_bayou_lagoon_a, minmay_misc_feat_doors,
          ebering_dispersal_statue_hall, minmay_tetromino_s4
D:2:      layout_rooms, yredelemnul_altar_generic,
          chequers_ecumenical_altar_grove, minmay_misc_feat_room
D:3:      layout_loops_ring, fedhas_ov_isle_minmay, dancing_weapons_uskayaw,
          uniq_robin

Skill      XL: |  1  2  3  4 |
---------------+-------------+-----
Fighting       | 2 3 |  3.0
Unarmed Combat | 4 |  4.5
Poison Magic   | 1 |  1.8
Dodging        | |  1.7
Spellcasting   | |  2.0
Transmutations | |  2.9

Action                   |  1- 3 |  4- 6 || total
-------------------------+-------+-------++-------
Melee: Unarmed           |    90 |    62 ||   152
       Tailslap          |    10 |     6 ||    16
       Kick              |     5 |     5 ||    10
       Headbutt          |     4 |     1 ||     5
       Punch             |     1 |       ||     1
 Cast: Beastly Appendage |    15 |     5 ||    20
       Sticks to Snakes  |     2 |     1 ||     3
       Spider Form       |       |     1 ||     1
  Use: Scroll            |     5 |       ||     5
  Eat: Chunk             |     2 |     3 ||     5
Armor: Skin              |    23 |    28 ||    51
Dodge: Dodged            |    41 |    34 ||    75

Table legend:
 A = Non-vault XP
 B = Vault XP
 C = Vault XP percentage of total XP
 D = Non-vault monster count
 E = Vault monster count
 F = Vault count percentage of total count
                 A         B        C        D         E       F
            +---------+---------+-------+---------+---------+-------
      Total |     234 |      28 |  10.7 |      30 |       8 |  21.1
            +---------+---------+-------+---------+---------+-------
        D:1 |      22 |       2 |   8.3 |      15 |       1 |   6.2
        D:2 |      58 |       0 |   0.0 |       9 |       0 |   0.0
        D:3 |     154 |      26 |  14.4 |       6 |       7 |  53.8
            +---------+---------+-------+---------+---------+-------
